 Dungeon Crawl Stone Soup version 0.21.1-1-g345015f (webtiles) character file.

60 EuclidGuy the Grave Robber (level 3, -2/19 HPs)
             Began as a Deep Elf Necromancer on July 10, 2018.
             Slain by a goblin (3 damage)
             ... led by Robin
             ... on level 2 of the Dungeon.
             The game lasted 00:08:34 (2084 turns).

EuclidGuy the Grave Robber (Deep Elf Necromancer)   Turns: 2084, Time: 00:08:35

Health: -2/19      AC:  5    Str:  6    XL:     3   Next: 82%
Magic:  8/10       EV: 10    Int: 19    God:
Gold:   54         SH:  0    Dex: 15    Spells: 8/9 levels left

rFire    . . .     SeeInvis .   o - +0 spear
rCold    . . .     Gourm    .   (no shield)
rNeg     . . .     Faith    .   n - +0 ring mail
rPois    .         Spirit   .   (no helmet)
rElec    .         Reflect  .   (no cloak)
rCorr    .         Harm     .   (no gloves)
MR       .....                  (no boots)
Stlth    ++........             (no amulet)
HPRegen  0.06/turn              (no ring)
MPRegen  0.12/turn              (no ring)

@: no status effects
A: no striking features
a: no special abilities


You were on level 2 of the Dungeon.
You were not hungry.

You visited 1 branch of the dungeon, and saw 2 of its levels.

You collected 54 gold pieces.

Inventory:

Hand Weapons
 o - a +0 spear (weapon)
Missiles
 g - 54 bolts
 k - 28 stones (quivered)
 m - 19 arrows
Armour
 a - a +0 robe
 d - a +0 chain mail
 n - a +0 ring mail (worn)
Scrolls
 f - a scroll of remove curse
 h - a scroll of magic mapping {unknown}
 j - a scroll of enchant armour {unknown}
 l - a scroll of noise {unknown}
Potions
 e - a potion of agility {unknown}
 i - a potion of ambrosia {unknown}
Books
 b - a book of Necromancy

   Spells                             Type                      Level
   a - Pain                           Necromancy                   1
   b - Animate Skeleton               Necromancy                   1
   c - Vampiric Draining              Necromancy                   3
   d - Regeneration                   Charms/Necromancy            3
   e - Animate Dead                   Necromancy                   4
   f - Borgnjor's Vile Clutch         Necromancy/Earth             5
Comestibles
 c - a ration


   Skills:
 + Level 3.0 Dodging
 * Level 3.7 Stealth
 + Level 3.7 Spellcasting
 + Level 5.4 Necromancy


You had 8 spell levels left.
You knew the following spells:

 Your Spells              Type           Power        Failure   Level  Hunger
a - Pain                  Necr           ###.         6%          1    None


Dungeon Overview and Level Annotations

Branches:
Dungeon (2/15)

Altars:

Annotations:
D:2 Robin


Message History

A goblin comes into view. It is wielding a club.
Casting: Pain
Confirm with . or Enter, or press ? or * to list all spells.
Aiming: Pain
Press: ? - help, Shift-Dir - straight line, f - goblin
Aim: a goblin (chance to defeat MR: 92%)
The goblin writhes in agony!
You kill the goblin!
The goblin shouts!
The goblin hits you but does no damage. The goblin closely misses you.
As you read the scroll labeled SUOQOU PODAR, it crumbles to dust.
You feel blessed for a moment.
It was a scroll of remove curse.
Robin roars a battlecry!
The goblins go into a battle-frenzy!
The goblin hits you. The goblin hits you with a club.
* * * LOW HITPOINT WARNING * * *
The goblin closely misses you. The goblin hits you.
* * * LOW HITPOINT WARNING * * *
The goblin hits you.
You die...

#########.....# ...)
............>.#
##...####...........#
#....#..............##
#....#.##.............
##....#.##....).#######
+.....#.##......#
##....#g##...##.#
#.....@.g....##.#
#......gg....##.# ###
#.......g.g..##.. ..#
#.......g.w..#### #.#
#.$.....w.##g# #.#
#####.#...g .. #.#
..#...#. . #<#
.......#.. #..
........# .. #.#


You could see Robin, 2 dart slugs and 8 goblins.

Vanquished Creatures
  An adder (D:2)
  An ooze (D:1)
  3 dart slugs (D:1)
  2 leopard geckos (D:1)
  5 hobgoblins
  5 bats
  3 frilled lizards (D:1)
  8 goblins
  8 kobolds
  2 rats
38 creatures vanquished.

Notes
Turn   | Place    | Note
-------+----------+-------------------------------------------
     0 | D:1      | EuclidGuy the Deep Elf Necromancer began the quest for the Orb.
     0 | D:1      | Reached XP level 1. HP: 10/10 MP: 6/6
    57 | D:1      | Reached skill level 5 in Necromancy
   608 | D:1      | Reached XP level 2. HP: 15/15 MP: 5/8
  1459 | D:1      | Reached XP level 3. HP: 18/19 MP: 7/10
  2075 | D:2      | Noticed Robin
  2084 | D:2      | Slain by a goblin

Skill      XL: |  1  2  3 |
---------------+----------+-----
Necromancy     | 5 |  5.4
Stealth        | 3 |  3.7
Dodging        | 3 |  3.0
Spellcasting   | |  3.7

Action                   || total
-------------------------++-------
Melee: Unarmed           ||     2
       Spear             ||     2
 Cast: Pain              ||    62
  Use: Scroll            ||     1
  Eat: Ration            ||     1
Armor: Ring mail         ||     7
Dodge: Dodged            ||    18
